 Dungeon Crawl Stone Soup version 0.14-a0-1974-gdb6e453 (webtiles) character file.

1549 Kae the Basher (level 8, -12/64 HPs)
             Began as a Minotaur Fighter on Jan 18, 2014.
             Was a Follower of Okawaru.
             Mangled by lorenz's ghost (17 damage)
             ... on Level 6 of the Dungeon.
             The game lasted 00:11:14 (5954 turns).

Kae the Basher (Minotaur Fighter)                   Turns: 5954, Time: 00:11:15

HP -12/64        AC  9     Str 22      XL: 8   Next: 33%
MP   2/3         EV  8     Int  5      God: Okawaru [*.....]
Gold 231         SH 23     Dex 11      Spells:  0 memorised,  7 levels left

rFire  . . .     SeeInvis .     a - +0 mace (curse)
rCold  . . .     Clarity  .     b - +0 scale mail
rNeg   . . .     Conserve .     c - +0 shield
rPois  .         rCorr    .     (helmet restricted)
rElec  .         rRot     .     x - +0 cloak
SustAb . .       Spirit   .     (no gloves)
rMut   .         Warding  .     (no boots)
Saprov . . .     Stasis   .     (no amulet)
MR     .....                    (no ring)
                                (no ring)

@: about to teleport, heroism, not resistant to hostile enchantments, very
unstealthy
A: retaliatory headbutt, horns 2
a: Heroism, Renounce Religion


You were on level 6 of the Dungeon.
You worshipped Okawaru.
Okawaru was aware of your devotion.
You were very hungry.

You visited 2 branches of the dungeon, and saw 7 of its levels.

You collected 231 gold pieces.

Inventory:

Hand weapons
 a - a cursed +0,+0 mace (weapon)
Missiles
 z - 3 tomahawks of returning (quivered)
 A - 5 steel tomahawks
Armour
 b - a +0 scale mail (worn)
 c - a +0 shield (worn)
 x - a +0 cloak (worn)
Comestibles
 d - 8 bread rations
 s - a choko
 v - a pear
 C - 8 grapes
 D - 4 sultanas
Scrolls
 e - 2 scrolls of noise
 g - a scroll of teleportation
 h - a scroll of recharging {unknown}
 i - 3 scrolls of fear {unknown}
 j - a scroll of fog {unknown}
 k - a scroll of enchant weapon II {unknown}
 m - 7 scrolls of identify {unknown}
 n - 3 scrolls of enchant weapon I {unknown}
 o - a scroll of magic mapping {unknown}
 p - 4 scrolls of amnesia {unknown}
 r - 3 scrolls of remove curse {unknown}
 t - a scroll of curse armour {unknown}
 u - 3 scrolls of random uselessness {unknown}
 y - 2 scrolls of enchant armour {unknown}
Potions
 l - a potion of magic {unknown}
 w - a potion of brilliance
Books
 f - a book of Necromancy

   Spells                             Type                      Level
   Pain                               Necromancy                   1
   Animate Skeleton                   Necromancy                   1
   Lethal Infusion                    Charms/Necromancy            2
   Vampiric Draining                  Necromancy                   3
   Regeneration                       Charms/Necromancy            3
   Animate Dead                       Necromancy                   4
   Control Undead                     Necromancy                   4
 q - a book of the Warp

   Spells                             Type                      Level
   Recall                             Summoning/Translocation      3
   Control Teleport                   Charms/Translocation         4
   Phase Shift                        Translocation                5
   Warp Weapon                        Charms/Translocation         5
   Dispersal                          Translocation                6
   Controlled Blink                   Translocation                7
   Disjunction                        Translocation                8
 B - a Grand Grimoire {highlevel}

   This book is beyond your current level of understanding.

   Spells                             Type                      Level
   Demonic Horde                      Summoning                    6
   Mass Abjuration                    Summoning                    6
   Haunt                              Necromancy/Summoning         7
   Summon Greater Demon               Summoning                    7
   Malign Gateway                     Summoning/Translocation      7
   Summon Horrible Things             Summoning                    8


   Skills:
 - Level 3.6(8.6) Fighting
 + Level 12.1(17.1) Maces & Flails
 - Level 3.6(8.6) Armour
 - Level 3.6(8.6) Shields


You had 7 spell levels left.
You didn't know any spells.

Dungeon Overview and Level Annotations

Branches:
Dungeon (6/16)             Temple (1/1) D:4

Altars:
Ashenzari
Cheibriados
Elyvilon
Fedhas
Kikubaaqudgha
Makhleb
Okawaru
Sif Muna
Xom
Yredelemnul
Zin
the Shining One

Annotations:
D:4 Menkaure
D:6 Ijyb; lorenz's ghost, experienced OgBe


Innate Abilities, Weirdness & Mutations

You reflexively headbutt those who attack you in melee.
You have a pair of horns on your head.


Message History

* * * LOW HITPOINT WARNING * * *
You block the orc priest's attack.
You sock the orc priest!
You kill the orc priest!
Okawaru accepts your kill. Lorenz's ghost hits you.
* * * LOW HITPOINT WARNING * * *
Things that are here:
an orcish flail; an orcish leather armour; an orcish club A kobold comes into view.
It is wielding a dagger.
The kobold shouts!
The kobold throws a dart.
The dart hits you!
* * * LOW HITPOINT WARNING * * *
You see here a dart.
The kobold throws a dart.
You block the dart.
You see here a dart.
Read which item? (? for menu, Esc to quit)
As you read the scroll of teleportation, it crumbles to dust.
You feel strangely unstable. Lorenz's ghost hits you!
You die...

####.# #.###########
.....# #........o...
####.###..#########.#
####......# #.#
.....####.#########.#
......o.....))%..##.#
#########.######.##.#
#.# #.##.# #.# #@##.#
#.# #p##.#
#.######.##<#
#........().#
########K#### #.# #.#
########.# #........#


You could see lorenz's ghost and a kobold.

Vanquished Creatures
  A necrophage (D:6)
  An ogre (D:6)
  Blork the orc (D:4)
  2 vampire bats (D:2)
  2 crimson imps (D:6)
  A hound (D:4)
  4 worker ants
  Crazy Yiuf (D:3)
  6 orc priests
  8 orc wizards
  A scorpion (D:4)
  An iguana (D:5)
  A hound skeleton (D:6)
  3 gnolls (D:5)
  11 adders
  A giant mite (D:4)
  2 giant eyeballs
  2 oozes (D:4)
  27 orcs
  3 ball pythons
  9 bats
  2 bat skeletons (D:2)
  A bat zombie (D:2)
  4 giant cockroaches
  12 hobgoblins
  9 jackals
  A quokka (D:3)
  3 giant geckos
  A giant gecko skeleton (D:5)
  2 giant newts
  13 goblins
  A goblin skeleton (D:5)
  14 kobolds
  2 kobold skeletons (D:5)
  18 rats
171 creatures vanquished.

Notes
Turn   | Place    | Note
--------------------------------------------------------------
     0 | D:1      | Kae, the Minotaur Fighter, began the quest for the Orb.
     0 | D:1      | Reached XP level 1. HP: 19/19 MP: 1/1
   254 | D:1      | Reached XP level 2. HP: 24/26 MP: 1/1
   337 | D:1      | Reached skill level 4 in Maces & Flails
   877 | D:2      | Reached XP level 3. HP: 31/31 MP: 2/2
  1103 | D:2      | Reached skill level 5 in Maces & Flails
  1253 | D:2      | Found an ancient bone altar of Kikubaaqudgha.
  1254 | D:2      | Noticed a vampire bat
  1255 | D:2      | Noticed a vampire bat
  1259 | D:2      | Reached XP level 4. HP: 22/39 MP: 2/2
  1261 | D:2      | Killed a vampire bat
  1276 | D:2      | Killed a vampire bat
  1276 | D:2      | Reached skill level 6 in Maces & Flails
  1276 | D:2      | Reached XP level 5. HP: 23/45 MP: 2/2
  1870 | D:3      | Reached skill level 7 in Maces & Flails
  1892 | D:3      | Found a white marble altar of Elyvilon.
  2177 | D:3      | Noticed Crazy Yiuf
  2185 | D:3      | Killed Crazy Yiuf
  2362 | D:4      | Reached XP level 6. HP: 39/51 MP: 3/3
  2373 | D:4      | Noticed Blork the orc
  2385 | D:4      | Killed Blork the orc
  2385 | D:4      | Reached skill level 8 in Maces & Flails
  2619 | D:4      | Found a deep blue altar of Sif Muna.
  2811 | D:4      | Found a shimmering altar of Xom.
  2862 | D:4      | Reached skill level 9 in Maces & Flails
  2878 | D:4      | Reached XP level 7. HP: 39/57 MP: 3/3
  2921 | D:4      | Noticed Menkaure
  3110 | D:4      | Paralysed by a giant eyeball for 3 turns
  3483 | D:4      | Found a staircase to the Ecumenical Temple.
  3495 | Temple   | Entered the Ecumenical Temple
  3627 | Temple   | Became a worshipper of Warmaster Okawaru
  3676 | D:5      | Entered Level 5 of the Dungeon
  3729 | D:5      | Found a blossoming altar of Fedhas.
  3813 | D:5      | Reached skill level 10 in Maces & Flails
  3962 | D:5      | Found a basalt altar of Yredelemnul.
  4416 | D:6      | Noticed lorenz's ghost (experienced OgBe)
  4675 | D:6      | Found a burning altar of Makhleb.
  4750 | D:6      | Reached skill level 11 in Maces & Flails
  4800 | D:6      | Noticed Ijyb
  4830 | D:6      | Acquired Okawaru's first power
  5021 | D:6      | Reached XP level 8. HP: 60/64 MP: 3/3
  5034 | D:6      | Paralysed by a potion of paralysis for 4 turns
  5758 | D:6      | Reached skill level 12 in Maces & Flails
  5954 | D:6      | Mangled by lorenz's ghost

Action                   |  1- 3 |  4- 6 |  7- 9 || total
-------------------------+-------+-------+-------++-------
Melee: Mace              |   108 |   156 |   261 ||   525
Invok: Heroism           |       |       |     3 ||     3
  Use: Potion            |       |     3 |     4 ||     7
       Scroll            |       |       |     5 ||     5
